 Dungeon Crawl Stone Soup version 0.19.5 (webtiles) character file.

669 Meamyr the Digger (level 7, -1/36 HPs)
             Began as a Gargoyle Earth Elementalist on Mar 10, 2017.
             Killed from afar by Dowan (19 damage)
             ... with a stone arrow
             ... on level 3 of the Dungeon on Mar 11, 2017.
             The game lasted 00:25:09 (3679 turns).

Meamyr the Digger (Gargoyle Earth Elementalist)     Turns: 3679, Time: 00:25:12

Health: -1/36      AC:  7    Str: 10 (12) XL:     7   Next: 58%
Magic:  4/14       EV: 13    Int: 15 (17) God:
Gold:   192        SH:  0    Dex:  8 (10) Spells: 1 memorised, 14 levels left

rFire  . . .     SeeInvis .     b - 102 stones
rCold  . . .     Gourm    .     c - +0 robe
rNeg   + . .     Faith    .     (no shield)
rPois  ∞         Spirit   .     (no helmet)
rElec  +         Reflect  .     q - +0 cloak
rCorr  .         Harm     .     t - -1 pair of gloves (curse)
MR     .....                    (no boots)
Stlth  ++........               (no amulet)
                                (no ring)
                                (no ring)

@: exhausted, slowed, very slow
A: negative energy resistance 1, electricity resistance, unbreathing,
petrification resistance, rot immunity, AC +4
a: no special abilities


You were on level 3 of the Dungeon.
You were not hungry.

You visited 1 branch of the dungeon, and saw 4 of its levels.

You collected 192 gold pieces.

Inventory:

Hand Weapons
 f - a +0 whip
 g - a +0 short sword of flaming
Missiles
 b - 102 stones (in hand)
Armour
 c - a +0 robe (worn)
 q - a +0 cloak (worn)
 t - a cursed -1 pair of gloves (worn)
Jewellery
 i - an uncursed ring of protection from cold {unknown}
Wands
 u - a wand of confusion (29/48)
Scrolls
 a - a scroll of amnesia
 h - a scroll of identify
 k - a scroll of teleportation
 p - a scroll of recharging
Potions
 m - a potion of agility {unknown}
 n - a potion of brilliance {unknown}
 o - a potion of flight {unknown}
 r - a potion of degeneration
Books
 e - a book of Geomancy

   Spells                             Type                      Level
   a - Sandblast                      Earth                        1
   b - Passwall                       Transmutation/Earth          2
   c - Stone Arrow                    Conjuration/Earth            3
   d - Petrify                        Transmutation/Earth          4
   e - Lee's Rapid Deconstruction     Earth                        5
 v - a book of Cantrips

   Spells                             Type                      Level
   a - Confusing Touch                Hexes                        1
   b - Animate Skeleton               Necromancy                   1
   c - Summon Small Mammal            Summoning                    1
   d - Apportation                    Translocation                1
Comestibles
 d - 2 bread rations
 s - a slice of pizza
 w - a meat ration
 x - 4 chunks of flesh


   Skills:
 + Level 3.9 Dodging
 - Level 2.1 Stealth
 + Level 4.7 Spellcasting
   Level 0.7 Transmutations
 + Level 6.7 Earth Magic


You had 14 spell levels left.
You knew the following spells:

 Your Spells              Type           Power        Failure   Level  Hunger
a - Sandblast             Erth           ###...       1%          1    None


Dungeon Overview and Level Annotations

Branches:
Dungeon (4/15)
 Temple: D:4-7

Altars:
Cheibriados
Qazlal
Yredelemnul
Zin

Annotations:
D:3 Dowan


Innate Abilities, Weirdness & Mutations

You are resistant to torment.
Your stone body is resilient. (AC +4)
You are immune to poison.
You resist negative energy. (rN+)
You are resistant to electric shocks. (rElec)
You can survive without breathing.
You are immune to petrification.
You are immune to rotting.


Message History

Aim: Duvessa, wielding a short sword of protection (almost dead)
The rocky blast hits Duvessa.
You kill Duvessa!
Dowan screams, "No!
Oh no!"
Dowan seems to find hidden reserves of power!
You feel your intelligence returning. The worker ant bites you.
Casting: Sandblast
Confirm with . or Enter, or press ? or * to list all spells.
Aiming: Sandblast
Press: ? - help, Shift-Dir - straight line, f - worker ant
Aim: a worker ant (lightly wounded)
The rocky blast hits the worker ant.
The worker ant is heavily wounded.
Dowan mumbles some strange words.
Dowan blinks!
The worker ant closely misses you.
Dowan points at you and mumbles some strange words.
The stone arrow hits you!
Ouch! That really hurt!
You die...

##..#.## #.##.##..
#.#)###### ###.#####.#
#.o......####.........#
#..#####......#######.#
#..#####......# ####.
#.....##......# #....
##....##......# #.##.
#..####e.....# #.##.
#..oa@..###### #.#..
##.###### #.#.# #.#
#.#.# #a######## #....
#...ae...###### ###.#
#..####.......#####.#
#.....#..#...........
##.##.#..#.##.#####.#
#.##..>...##.# #....


You could see Dowan, a worker ant and an orc wizard.

Vanquished Creatures
  Duvessa (D:3)
  The ghost of Lostpass the Chopper, an amateur HOMo (D:3)
  4 killer bees (D:3)
  2 hounds (D:3)
  2 orc wizards (D:3)
  An orc priest (D:3)
  Crazy Yiuf (D:2)
  3 adders (D:3)
  2 oozes
  An adder skeleton (D:3)
  A dart slug (D:1)
  3 leopard geckos (D:3)
  4 orcs (D:3)
  3 giant cockroaches
  2 gnoll zombies (D:2)
  5 goblins
  5 hobgoblins
  11 jackals
  A quokka (D:3)
  2 ball pythons (D:1)
  8 bats
  4 frilled lizards
  8 kobolds
  7 rats
82 creatures vanquished.

Notes
Turn   | Place    | Note
-------+----------+-------------------------------------------
     0 | D:1      | Meamyr the Gargoyle Earth Elementalist began the quest for the Orb.
     0 | D:1      | Reached XP level 1. HP: 10/10 MP: 3/3
   217 | D:1      | Reached XP level 2. HP: 14/15 MP: 5/5
   224 | D:1      | Reached skill level 4 in Earth Magic
   714 | D:1      | Reached XP level 3. HP: 19/19 MP: 6/6
  1711 | D:2      | Reached XP level 4. HP: 24/24 MP: 8/8
  1733 | D:2      | Found a runed door.
  1737 | D:2      | Noticed Crazy Yiuf
  1743 | D:2      | Killed Crazy Yiuf
  1888 | D:2      | Found a basalt altar of Yredelemnul.
  1915 | D:2      | Found a glowing silver altar of Zin.
  1945 | D:2      | Found a snail-covered altar of Cheibriados.
  2021 | D:3      | Reached XP level 5. HP: 28/28 MP: 4/9
  2026 | D:3      | Reached skill level 5 in Earth Magic
  2162 | D:3      | Noticed Lostpass's ghost (amateur HOMo)
  2174 | D:3      | Killed Lostpass's ghost
  2174 | D:3      | Reached XP level 6. HP: 13/32 MP: 2/11
  2442 | D:3      | Found a stormy altar of Qazlal.
  2445 | D:3      | Noticed an air elemental
  2445 | D:3      | Noticed a water elemental
  2445 | D:3      | Noticed a fire elemental
  2676 | D:3      | Reached skill level 6 in Earth Magic
  2676 | D:3      | Reached XP level 7. HP: 22/36 MP: 1/13
  3564 | D:4      | Noticed Duvessa
  3564 | D:4      | Noticed Dowan
  3678 | D:3      | Killed Duvessa
  3679 | D:3      | Killed from afar by Dowan

Skill      XL: |  1  2  3  4  5  6 |
---------------+-------------------+-----
Earth Magic    | 4 5 6 |  6.7
Dodging        | 2 3 |  3.9
Spellcasting   | 3 4 |  4.7
Stealth        | |  2.1
Transmutations | |  0.7

Action                   |  1- 3 |  4- 6 |  7- 9 || total
-------------------------+-------+-------+-------++-------
Melee: Short sword       |   113 |    14 |     4 ||   131
 Cast: Sandblast         |     6 |    53 |    57 ||   116
Evoke: Wand              |       |       |     3 ||     3
  Use: Scroll            |       |       |     3 ||     3
       Potion            |       |       |     3 ||     3
 Stab: Sleeping          |     3 |       |       ||     3
  Eat: Chunk             |     3 |     2 |     4 ||     9
Armor: Robe              |    47 |     8 |    17 ||    72
Dodge: Dodged            |    87 |    23 |    39 ||   149
